 Dungeon Crawl Stone Soup version 0.25.1-2-g60ff931df9 (webtiles) character file.

Game seed: 16040245629310263009

471 tikhun the Insei (level 7, -4/46 HPs)
             Began as a Merfolk Transmuter on Sept 2, 2020.
             Was a Follower of Hepliaklqana.
             Slain by a killer bee (9 damage)
             ... on level 4 of the Dungeon.
             The game lasted 00:57:57 (6236 turns).

tikhun the Insei (Merfolk Transmuter)               Turns: 6236, Time: 00:57:58

Health: -4/46      AC:  4    Str: 11    XL:     7   Next: 9%
Magic:  12/12      EV: 14    Int: 12    God:    Hepliaklqana [*.....]
Gold:   197        SH:  0    Dex: 16    Spells: 10/13 levels left

rFire    + . .     SeeInvis .     - Unarmed
rCold    + . .     Gourm    .   (no shield)
rNeg     . . .     Faith    .   o - +1 leather armour {rC+}
rPois    .         Spirit   .   (no helmet)
rElec    .         Reflect  .   (no cloak)
rCorr    .         Harm     .   (no gloves)
MR       .....                  (no boots)
Stlth    +.........             h - amulet of magic regeneration
HPRegen  0.15/turn              f - ring of protection from fire
MPRegen  0.38/turn              (no ring)

@: lethally poisoned (-4 -> -13), very slightly contaminated
A: change form in water, swift swim, stealthy swim, reduced essence
a: Recall Ancestor, Ancestor Identity, Renounce Religion


You were on level 4 of the Dungeon.
You worshipped Hepliaklqana.
Hepliaklqana was aware of your devotion.
You were not hungry.

You visited 1 branch of the dungeon, and saw 4 of its levels.

You collected 197 gold pieces.

Inventory:

Hand Weapons
 n - a +0 hand axe
 s - a +0 vorpal hand axe
Missiles
 a - 33 arrows
 c - 99 stones (quivered)
 e - 25 poisoned darts
 m - 27 bolts
 y - 5 boomerangs
Armour
 b - a +0 robe
 g - a +0 ring mail
 k - a +0 plate armour
 o - a +1 leather armour of cold resistance (worn)
 p - a +0 leather armour
Jewellery
 f - a ring of protection from fire (left hand)
 h - an amulet of magic regeneration (around neck)
Wands
 B - a wand of polymorph (8)
Scrolls
 i - a scroll of enchant weapon {unknown}
 j - 2 scrolls of enchant armour
 r - 7 scrolls of identify
 t - 3 scrolls of teleportation {unknown}
 u - a scroll of immolation {unknown}
 w - 6 scrolls of remove curse {unknown}
Potions
 q - a potion of stabbing
 v - 2 potions of curing {unknown}
 x - a potion of invisibility {unknown}
 A - a potion of mutation {unknown}
Comestibles
 d - 9 rations
 z - 2 chunks of flesh


   Skills:
 + Level 3.0 Fighting
 + Level 4.4 Dodging
 * Level 5.5 Unarmed Combat
 * Level 3.6 Spellcasting
 + Level 4.5 Transmutations


You had 10 spell levels left.
You knew the following spells:

 Your Spells              Type           Power        Failure   Level  Hunger
a - Beastly Appendage     Tmut           ##....       4%          1    #......
b - Sticks to Snakes      Tmut           ##......     7%          2    ##.....

Your spell library contained the following spells:

 Spells                   Type           Power        Failure   Level  Hunger
 Spider Form              Tmut/Pois      #.........   34%         3    ###....
 Ice Form                 Ice/Tmut       #.......     75%         4    #####..
 Blade Hands              Tmut           ##........   78%         5    ######.


Dungeon Overview and Level Annotations

Branches:
Dungeon (4/15)
 Temple: D:4-7

Altars:
Ashenzari
Cheibriados
Elyvilon
Hepliaklqana
Kikubaaqudgha


Message History

Xolani hits the killer bee.
The killer bee barely misses you.
Blink to where?
Press: ? - help, Dir - move target cursor You are very lightly contaminated with residual magic.
As you read the scroll of blinking, it crumbles to dust.
You feel sick.
The killer bee stings Xolani.
Xolani hits the killer bee.
The killer bee stings Xolani.
You feel sick. The killer bee stings you!
* * * LOW HITPOINT WARNING * * *
* * * LOW HITPOINT WARNING * * *
You feel sick.
Something stings Xolani but does no damage.
The killer bee stings you.
* * * LOW HITPOINT WARNING * * *
Xolani misses the killer bee.
* * * LOW HITPOINT WARNING * * *
You feel sick.
Something closely misses Xolani.
Something barely misses Xolani.
* * * LOW HITPOINT WARNING * * *
You feel sick. The killer bee stings you!
You die...

#......##############
########.####...####
#........# ###....#
###### #.########
####.####....# #.# #
#...##....# #.# ..##
###..#..... #.# ....
##.#....> #.#
#.##..#### #.###...
#.# #......@.###
#.###... #.#
####.###yy.# #...#...
#.# ###.# ###.....
#.# #R## ###... #.#
#...## #... #.#
.##.y# #... #.# #.
##.# #... #.# ## #[##
#... #.# #..## ##...


You could see 2 killer bees.

Vanquished Creatures
  An orc priest (D:3)
  Terence (D:2)
  2 orc wizards
  5 adders
  3 gnolls (D:3)
  An ooze (D:1)
  A worm (D:2)
  5 dart slugs
  2 leopard geckos (D:1)
  8 orcs
  4 giant cockroaches
  9 goblins
  5 hobgoblins
  3 jackals (D:1)
  A quokka (D:3)
  2 ball pythons
  A ball python skeleton (D:3)
  4 bats
  4 frilled lizards
  A jackal skeleton (D:4)
  3 kobolds
  9 rats
75 creatures vanquished.

Vanquished Creatures (collateral kills)
  An ogre (D:4)
  A centaur skeleton (D:4)
  An orc wizard (D:3)
  A hound skeleton (D:4)
  4 adders
  A worm (D:3)
  2 orcs
  A giant cockroach (D:3)
  2 goblins
  2 hobgoblins (D:3)
  2 quokkas
  3 bats
  2 frilled lizards
  2 kobolds (D:3)
  A rat (D:3)
26 creatures vanquished.

Vanquished Creatures (others)
  3 ancestors
3 creatures vanquished.

Grand Total: 104 creatures vanquished

Notes
Turn   | Place    | Note
-------+----------+-------------------------------------------
     0 | D:1      | tikhun the Merfolk Transmuter began the quest for the Orb.
     0 | D:1      | Reached XP level 1. HP: 15/15 MP: 3/3
   333 | D:1      | Reached XP level 2. HP: 21/21 MP: 5/5
  1085 | D:1      | Reached XP level 3. HP: 23/26 MP: 6/6
  1725 | D:2      | Reached skill level 4 in Unarmed Combat
  2248 | D:2      | Reached XP level 4. HP: 28/33 MP: 7/7
  2595 | D:2      | Found a hazy altar of Hepliaklqana.
  2607 | D:2      | Became a worshipper of Hepliaklqana the Forgotten
  2703 | D:2      | Found a faded altar of an unknown god.
  2784 | D:2      | Noticed Terence
  2803 | D:2      | Killed Terence
  3353 | D:3      | Reached XP level 5. HP: 34/34 MP: 8/8
  3368 | D:3      | Learned a level 2 spell: Sticks to Snakes
  3656 | D:3      | Found an ancient bone altar of Kikubaaqudgha.
  3662 | D:3      | Found a snail-covered altar of Cheibriados.
  3672 | D:3      | Found a shattered altar of Ashenzari.
  3749 | D:3      | HP: 1/35 [orc priest/divine providence (14)]
  3815 | D:3      | Reached XP level 6. HP: 5/41 MP: 10/10
  4192 | D:3      | Reached * piety under Hepliaklqana
  4205 | D:3      | Reached skill level 5 in Unarmed Combat
  5712 | D:4      | Found a white marble altar of Elyvilon.
  5843 | D:4      | Reached XP level 7. HP: 26/46 MP: 12/12
  6236 | D:4      | Slain by a killer bee

Illustrated notes

Levels and vault maps discovered:
D:1:      giann_bridges, layout_basic
D:2:      layout_loops_ring, marbit_many_paths,
          chequers_ecumenical_altar_simple, st_stairs_2, uniq_terence
D:3:      layout_basic, gammafunk_temple_overflow_forgotten,
          minmay_misc_feat_secret_circle
D:4:      layout_rooms, lemuel_round_altar, first_ration,
          kennysheep_generic_room_7

Skill      XL: |  1  2  3  4  5  6 |
---------------+-------------------+-----
Dodging        | 3 4 |  4.4
Transmutations | 3 4 |  4.5
Unarmed Combat | 4 5 |  5.5
Fighting       | 2 3 |  3.0
Spellcasting   | 3 |  3.6

Action                   |  1- 3 |  4- 6 |  7- 9 || total
-------------------------+-------+-------+-------++-------
Melee: Unarmed           |   130 |   206 |    11 ||   347
       Tailslap          |     1 |       |       ||     1
       Punch             |       |     9 |       ||     9
       Headbutt          |       |     4 |       ||     4
Throw: Stone             |     6 |       |       ||     6
 Cast: Sticks to Snakes  |       |     5 |       ||     5
       Beastly Appendage |       |     3 |       ||     3
Invok: Ancestor Identity |       |     1 |       ||     1
  Use: Scroll            |     3 |     1 |     1 ||     5
 Stab: Distracted        |       |     1 |       ||     1
  Eat: Chunk             |     3 |     4 |       ||     7
       Ration            |     1 |     2 |       ||     3
Armor: Robe              |     5 |       |       ||     5
       Leather armour    |    21 |    29 |     4 ||    54
Dodge: Dodged            |    70 |   107 |    20 ||   197
